 Seeded DCSS version 0.30.1-9-gdf580d7c3d (webtiles) character file.

Game seed: 15564010353742506684 (custom seed)

22 Psyclone the Conjurer (level 2, 15/15 HPs)
             Began as a Deep Elf Conjurer on Oct 6, 2023.
             Quit the game on level 1 of the Dungeon.
             The game lasted 00:01:32 (736 turns).

Psyclone the Conjurer (Deep Elf Conjurer)            Turns: 736, Time: 00:01:32

Health: 15/15      AC:  3    Str:  3 (4)  XL:     2   Next: 68%
Magic:  8/8        EV: 12    Int: 21 (22) God:
Gold:   52         SH:  0    Dex: 10 (13) Spells: 6/7 levels left

rFire   . . .        g - +0 dagger
rCold   . . .        (no shield)
rNeg    . . .        a - +0 robe
rPois   .            (no helmet)
rElec   .            (no cloak)
rCorr   .            (no gloves)
SInv    .            f - +0 pair of boots
Will    .....        (no amulet)
Stlth   ++           (no ring)
HPRegen 0.22/turn    (no ring)
MPRegen 0.11/turn

%: no passive effects
@: no status effects
A: no striking features
a: no special abilities


You were on level 1 of the Dungeon.
You visited 1 branch of the dungeon, and saw 1 of its levels.

You collected 52 gold pieces.

Inventory:

Hand Weapons
 g - a +0 dagger (weapon)
Armour
 a - a +0 robe (worn)
 f - a +0 pair of boots (worn)
Scrolls
 c - a scroll of identify {@r1}
 e - a scroll of immolation
 i - 3 scrolls of teleportation
 j - a scroll of acquirement
Potions
 b - a potion of magic
 d - 3 potions of degeneration
 h - a potion of flight {unknown}


   Skills:
 + Level 2.9 Dodging
 + Level 2.9 Stealth
 + Level 3.4 Spellcasting
 + Level 4.6 Conjurations


You had 6 spell levels left.
You knew the following spells:

 Your Spells              Type           Power      Damage    Failure   Level
a - Magic Dart            Conj           92%        1d7       1%          1

Your spell library contained the following spells:

 Spells                   Type           Power      Damage    Failure   Level
 Searing Ray              Conj           46%        2d6       2%          2
 Dazzling Flash           Conj/Hex       26%        N/A       14%         3
 Fulminant Prism          Conj/Hex       6%         3d7       43%         4
 Iskenderun's Mystic Bla  Conj/Tloc      13%        2d5       43%         4
 Manifold Assault         Tloc           3%         N/A       77%         4
 Dispersal                Tloc           1%         N/A       100%        6
 Disjunction              Tloc           1%         N/A       100%        8


Dungeon Overview and Level Annotations

Branches:
Dungeon (1/15) Zot: 5264

Altars:


Message History

Found 3 scrolls labelled ANIDWI GAMO.
i - a scroll labelled ANIDWI GAMO
As you read the scroll labelled ANIDWI GAMO, it crumbles to dust.
You feel strangely unstable.
It was a scroll of teleportation.
Your surroundings suddenly seem different.
You open the door.
There is an open door here.
Key pressed, stopping explore.
You now have 34 gold pieces (gained 15).
You now have 42 gold pieces (gained 8).
A goblin comes into view. It is wielding a +0 dagger.
MP restored: 8
Casting: Magic Dart (safe; 1% risk of failure)
Confirm with . or Enter, or press ? or * to list all spells.
Aiming: Magic Dart (safe; 1% risk of failure)
Press: ? - help, Shift-Dir - straight line, f - goblin
Aim: a goblin, wielding a +0 dagger (asleep, 100% to hit)
The magic dart hits the goblin.
The goblin is severely wounded.
The goblin shouts!
You now have 7/8 mp.
Casting: Magic Dart (safe; 1% risk of failure)
Confirm with . or Enter, or press ? or * to list all spells.
Aiming: Magic Dart (safe; 1% risk of failure)
Press: ? - help, Shift-Dir - straight line, f/p - goblin
Aim: a goblin, wielding a +0 dagger (severely wounded, 100% to hit)
The magic dart hits the goblin.
You kill the goblin!
You now have 6/8 mp.
Okay, then.
Things that are here:
a +0 dagger; a goblin corpse You now have 52 gold pieces (gained 10).
i - 3 scrolls of teleportation MP restored: 8
j - a scroll labelled FEEKER UKHLOTT This is a scroll of acquirement!
Unknown command.
Unknown command.
Are you sure you want to abandon this character and quit the game? (Confirm with "yes".)

##.##########.>#.######.
#......... #...#.# #.
#.######## #...#.# ##. #.#
#...#.#####.. ###.#
#............ #...#
#..###...##.. #.###
#......†.##.. #.### #####
#.....#.).... #...##.#.@#
#..## #.)##.# #†..#.##..#
#..#.##..#.##
#.##....##....# ....##....
#..#.♣♣..#.♣♣..# ♣♣..#†♣♣.
#.#..♣♣.#..♣♣.#..♣♣.#..♣♣.
#.##....##.... #....##....
#...##.#..##.#. # #..##.#
#...#.##..#.## .#.##..#.##
#.##....##... #....##....


There were no monsters in sight!

Vanquished Creatures
  A bat (D:1)
  3 endoplasms (D:1)
  2 goblins (D:1)
  4 hobgoblins (D:1)
  2 jackals (D:1)
  A quokka (D:1)
  A frilled lizard (D:1)
  3 kobolds (D:1)
  2 rats (D:1)
19 creatures vanquished.

Notes
Turn   | Place    | Note
-------+----------+-------------------------------------------
     0 | D:1      | Psyclone the Deep Elf Conjurer began the quest for the Orb.
     0 | D:1      | Reached XP level 1. HP: 10/10 MP: 6/6
   292 | D:1      | Reached XP level 2. HP: 15/15 MP: 6/8
   736 | D:1      | Identified a scroll of acquirement
   736 | D:1      | Quit the game

Illustrated notes

Levels and vault maps discovered:
D:1:      lemuel_arrival_rhombus, layout_basic, nrook_mini_vaults,
          nicolae_eternal_life

Action                     || total
---------------------------++-------
   Cast: Magic Dart        ||    33
    Use: Potion            ||     1
         Scroll            ||     3
  Dodge: Dodged            ||     1
